 Dungeon Crawl Stone Soup version 0.25-a0-668-gea548f19b6 (webtiles) character file.

Game seed: 12682244714778657123, levelgen mode: deterministic

174749 Armakuni the Gelid (level 18, -2/134 HPs)
             Began as a Human Monk on Mar 28, 2020.
             Was a Priest of Elyvilon.
             Succumbed to a ghost moth's poison
             ... on level 2 of the Spider Nest.
             The game lasted 01:59:58 (27998 turns).

Armakuni the Gelid (Human Monk)                    Turns: 27998, Time: 01:59:59

Health: -2/134     AC: 21    Str: 19 (20) XL:     18   Next: 42%
Magic:  0/27       EV: 19    Int: 13 (15) God:    Elyvilon [***...]
Gold:   571        SH:  7    Dex: 20 (21) Spells: 13/29 levels left

rFire    . . .     SeeInvis .   a - +2 double sword (elec)
rCold    + . .     Gourm    .   p - +1 buckler
rNeg     . . .     Faith    .   i - +0 swamp dragon scales
rPois    +         Spirit   .   w - +2 helmet
rElec    .         Reflect  .   Q - +2 cloak {rC+}
rCorr    +         Harm     .   f - +0 pair of gloves
MR       +....                  O - +2 pair of boots of Ecayteunn {*Contam rCorr Int+3 Dex+4}
Stlth    +++.......             (no amulet)
HPRegen  0.32/turn              L - ring of Joy {Str+3 Stlth+}
MPRegen  0.20/turn              W - ring of wizardry

@: lethally poisoned (-2 -> -73)
A: no striking features
}: 1/15 runes: decaying
a: Lesser Healing, Heal Other, Purification, Divine Protection, Renounce
Religion


You were on level 2 of the Spider Nest.
You worshipped Elyvilon.
Elyvilon was most pleased with you.
You were not hungry.

You visited 6 branches of the dungeon, and saw 28 of its levels.
You also visited: Ice Cave.

You collected 2141 gold pieces.
You spent 1570 gold pieces at shops.

Inventory:

Hand Weapons
 a - a +2 double sword of electrocution (weapon)
 b - a +3 scimitar of flaming
Missiles
 l - 2 boomerangs of dispersal
 n - 38 boomerangs
 G - 11 curare-tipped darts (quivered)
 R - 2 poisoned darts
 S - 5 silver javelins
Armour
 f - a +0 pair of gloves (worn)
 i - +0 swamp dragon scales (worn)
 p - a +1 buckler (worn)
 w - a +2 helmet (worn)
 O - the +2 pair of boots of Ecayteunn (worn) {*Contam rCorr Int+3 Dex+4}
   (You bought it in a shop on level 9 of the Dungeon)

   It affects your intelligence (+3).
   It affects your dexterity (+4).
   It causes magical contamination when unequipped.
   It provides partial protection from all sources of acid and corrosion.
 Q - a +2 cloak of cold resistance (worn)
Jewellery
 z - an uncursed ring of ice
 F - an uncursed ring of protection from fire
 L - the ring of Joy (left hand) {Str+3 Stlth+}
   (You found it on level 12 of the Dungeon)

   [ring of strength]

   It affects your strength (+3).
   It makes you more stealthy.
 N - an uncursed ring of positive energy
 P - an uncursed ring of poison resistance
 T - an uncursed ring of teleportation
 W - a ring of wizardry (right hand)
Wands
 t - a wand of acid (10)
 u - a wand of iceblast (9)
 A - a wand of flame (45)
 D - a wand of polymorph (11)
 I - a wand of digging (11)
 K - a wand of disintegration (9)
Scrolls
 e - 2 scrolls of magic mapping
 g - 5 scrolls of teleportation
 k - 5 scrolls of amnesia
 s - 10 scrolls of remove curse
 y - 4 scrolls of fog
 B - 2 scrolls of holy word
 C - 3 scrolls of immolation
 M - 3 scrolls of identify
 U - a scroll of vulnerability
 V - 2 scrolls of noise
 X - a scroll of silence
 Z - a scroll of brand weapon
Potions
 d - 4 potions of haste
 h - a potion of resistance
 j - a potion of stabbing
 m - 5 potions of cancellation
 o - 2 potions of lignification
 q - 5 potions of brilliance
 r - 10 potions of mutation
 v - 12 potions of curing
 x - 6 potions of flight
 E - 3 potions of magic
 J - a potion of heal wounds
Miscellaneous
 H - a phial of floods
Comestibles
 c - 27 rations
 Y - 4 chunks of flesh


   Skills:
 - Level 10.0 Fighting
   Level 7.5(12.6) Short Blades
 - Level 15.7(16.3) Long Blades
 - Level 8.7 Throwing
 - Level 10.0 Armour
 - Level 10.0 Dodging
 - Level 2.0 Stealth
 - Level 4.0 Shields
 + Level 6.4 Spellcasting
 - Level 16.9 Ice Magic
 - Level 10.8 Invocations


You had 13 spell levels left.
You knew the following spells:

 Your Spells              Type           Power        Failure   Level  Hunger
m - Metabolic Englaciati  Hex/Ice        ####......   9%          5    ######.
n - Summon Ice Beast      Ice/Summ       ####....     3%          4    ####...
o - Ozocubu's Refrigerat  Ice            #####.....   1%          6    #######
z - Apportation           Tloc           #.....       11%         1    None

Your spell library contained the following spells:

 Spells                   Type           Power        Failure   Level  Hunger
 Ice Form                 Ice/Tmut       ####....     3%          4    ####...
 Animate Skeleton         Necr           N/A          11%         1    None
 Corona                   Hex            #......      11%         1    None
 Magic Dart               Conj           #...         11%         1    None
 Sandblast                Erth           #.....       11%         1    None
 Summon Butterflies       Summ           #.......     11%         1    None
 Summon Small Mammal      Summ           #...         11%         1    None
 Blink                    Tloc           N/A          16%         2    #......
 Call Imp                 Summ           #.......     16%         2    #......
 Passwall                 Tmut/Erth      #.......     16%         2    #......
 Searing Ray              Conj           #.....       16%         2    #......
 Slow                     Hex            #.......     16%         2    #......
 Call Canine Familiar     Summ           #.......     28%         3    ###....
 Conjure Flame            Conj/Fire      #.......     28%         3    ###....
 Dazzling Flash           Conj/Hex       #.....       28%         3    ###....
 Gell's Gravitas          Tloc           #.........   28%         3    ###....
 Inner Flame              Hex/Fire       #.......     28%         3    ###....
 Lesser Beckoning         Tloc           #.........   28%         3    ###....
 Mephitic Cloud           Conj/Pois/Air  #.......     28%         3    ###....
 Portal Projectile        Hex/Tloc       #.....       28%         3    ###....
 Stone Arrow              Conj/Erth      #.....       28%         3    ###....
 Summon Guardian Golem    Hex/Summ       #.......     28%         3    ###....
 Tukima's Dance           Hex            #.......     28%         3    ###....
 Simulacrum               Ice/Necr       ####......   43%         6    #######
 Cause Fear               Hex            #.........   65%         4    ####...
 Fulminant Prism          Conj/Hex       #.........   65%         4    ####...
 Iskenderun's Mystic Bla  Conj/Tloc      #.......     65%         4    ####...
 Leda's Liquefaction      Hex/Erth       #.........   65%         4    ####...
 Petrify                  Tmut/Erth      #.......     65%         4    ####...
 Summon Lightning Spire   Summ/Air       #.......     65%         4    ####...
 Freezing Cloud           Conj/Ice/Air   ###.......   80%         6    #######
 Alistair's Intoxication  Tmut/Pois      #.......     93%         5    ######.
 Irradiate                Conj/Tmut      #.........   93%         5    ######.
 Lee's Rapid Deconstruct  Erth           #.........   93%         5    ######.
 Dispersal                Tloc           #.........   100%        6    #######
 Hydra Form               Tmut           #.........   100%        6    #######
 Invisibility             Hex            #.......     100%        6    #######
 Statue Form              Tmut/Erth      #........    100%        6    #######
 Dragon Form              Tmut           #.........   100%        7    #######
 Controlled Blink         Tloc           N/A          100%        8    #######
 Disjunction              Tloc           #.........   100%        8    #######


Dungeon Overview and Level Annotations

Branches:
Dungeon (13/15)            Temple (1/1) D:7            Lair (6/6) D:11
  Swamp (4/4) Lair:4       Spider (2/4) Lair:4        Slime (0/5) Lair:5
    Orc (2/2) D:12            Elf (0/3) Orc:2         IceCv (visited)
 Vaults: D:13-14

Altars:
Ashenzari
Cheibriados
Dithmenos
Elyvilon
Fedhas
Gozag
Hepliaklqana
Kikubaaqudgha
Makhleb
Nemelex Xobeh
Okawaru
Qazlal
Ru
Sif Muna
Trog
Uskayaw
Vehumet
Wu Jian
Xom
Yredelemnul
Zin
The Shining One
Beogh
Jiyva

Shops:
D:6 !   D:9 !=[   D:10 !   Orc:2 [:%=

Annotations:
Spider:1 Roxanne


Message History

Something completely misses you.
Something stings you but does no damage.
You miss something.
* * * LOW HITPOINT WARNING * * *
You feel very sick. Something hits you!
* * * LOW HITPOINT WARNING * * *
Something hits you but does no damage.
Something stings you but does no damage.
You barely miss something.
* * * LOW HITPOINT WARNING * * *
You feel very sick.
You feel you are being watched by something.
Something hits you but does no damage. Something closely misses you.
Something stings you.
* * * LOW HITPOINT WARNING * * *
You hit something. Lightning courses through something!
Reactivating autopickup.
You feel a bit more experienced.
You die...

..†..##...#.........|....##......
.###........#............##.#....
.# ##.......##..........###.####.
.####..................##.......#
..#...........##..^...###........
##............###..).###.........
#...........^.##................
#.............######[...........
##..>..........#@# #............
#.............##(# #............
.##..........# #.#####...........
#####........###...###...........
.# ##......##......##...........
...# ###...#..#.....###..........
#..... #..#.##.......# ....#
####.#..^.....# ....#
####......#^.


There were no monsters in sight!

Vanquished Creatures
  Arachne (Spider:2)
  Jorgrun (Orc:1)
  A thorn hunter (Swamp:4)
  A ghost moth (Spider:2)
  The ghost of bmpenner the Nimble, a journeyman MfTm of Kikubaaqudgha (Orc:2)
  2 orc warlords
  An entropy weaver (Lair:4)
  A fire dragon (Lair:6)
  Fannar (Orc:2)
  An ice dragon (Orc:2)
  A catoblepas (Lair:6)
  4 shambling mangroves
  2 ghost crabs (Swamp:4)
  19 hydras
  Erica (D:11)
  8 alligators
  2 two-headed ogres
  3 orc high priests (Orc:2)
  Nergalle (D:11)
  Sonja (Lair:6)
  The ghost of liluieth the Ruffian, a novice TrMo of Ru (D:8)
  A spriggan druid (Swamp:4)
  2 unseen horrors
  10 swamp dragons (Swamp:4)
  A necromancer (IceCv)
  4 orc knights (Orc:2)
  9 wolf spiders
  3 orb spiders
  5 cyclopes
  4 ugly things
  4 orc sorcerers (Orc:2)
  A manticore (D:11)
  A moth of wrath (Spider:2)
  A gargoyle (D:13)
  2 molten gargoyles (Lair:6)
  8 elephants (Lair:6)
  A torpor snail (Spider:1)
  15 spiny frogs
  An ice statue (IceCv)
  A black mamba (Lair:5)
  10 freezing wraiths (IceCv)
  A kobold demonologist (D:12)
  A rime drake (Lair:6)
  4 demonic crawlers
  5 komodo dragons
  6 trolls
  A merfolk (D:10)
  7 jumping spiders
  14 hornets
  4 polar bears
  8 tyrant leeches
  8 blink frogs
  12 bog bodies
  29 slime creatures
  6 hippogriffs
  16 dream sheep
  5 spriggans
  10 tarantellas
  A shadow (Swamp:1)
  19 redbacks
  3 vampires
  2 wraiths
  33 yaks
  3 wyverns
  Menkaure (D:4)
  5 basilisks
  8 vampire mosquitoes
  17 swamp worms
  Edmund (D:4)
  8 wargs
  10 insubstantial wisps
  An acid dragon (D:12)
  5 hell hounds (Lair:6)
  4 porcupines
  12 water moccasins
  19 orc warriors
  10 swamp drakes
  7 ice beasts
  An alligator simulacrum (IceCv)
  4 sky beasts
  8 necrophages
  2 centaurs
  3 phantoms
  7 ogres
  5 wolves
  12 crocodiles
  2 big kobolds (D:10)
  13 bullfrogs
  2 scorpions
  A water moccasin skeleton (D:8)
  A wyvern skeleton (D:8)
  An elephant simulacrum (IceCv)
  3 killer bees (D:9)
  16 wights
  7 howler monkeys
  5 lava snakes (Lair:6)
  3 crimson imps
  3 draconian simulacra (IceCv)
  A quasit (D:7)
  4 centaur zombies
  5 hounds
  22 orc priests
  2 bullfrog zombies (D:11)
  Crazy Yiuf (D:6)
  7 bullfrog skeletons
  3 centaur skeletons
  6 jellies
  A gnoll shaman (D:6)
  Terence (D:2)
  3 iguanas
  30 orc wizards
  3 hell rats (Lair:3)
  4 troll simulacra (IceCv)
  6 worker ants
  2 wolf simulacra (IceCv)
  3 centaur simulacra (IceCv)
  2 hound zombies (D:5)
  A worker ant zombie (D:11)
  7 gnolls
  A howler monkey skeleton (D:9)
  13 adders
  6 naga simulacra (IceCv)
  4 ogre simulacra (IceCv)
  8 river rats (Lair:3)
  3 shadow imps
  12 white imps (IceCv)
  2 oozes
  An adder skeleton (D:6)
  2 adder zombies
  2 worms
  4 dart slugs
  3 leopard geckos
  101 orcs
  A ball python (D:3)
  5 bats (D:1)
  6 giant cockroaches
  12 goblins
  10 hobgoblins
  14 jackals
  19 kobolds
  A quokka (D:5)
  6 frilled lizards
  A leopard gecko zombie (D:7)
  A quokka skeleton (D:5)
  9 rats
  A spectral orc (D:5)
  A fungus (D:6)
  A plant (D:12)
907 creatures vanquished.

Vanquished Creatures (collateral kills)
  Nessos (D:12)
  A two-headed ogre (D:10)
  Urug (Lair:5)
  An orb spider (Spider:1)
  A tyrant leech (Swamp:3)
  A slime creature (Swamp:2)
  A redback (Spider:1)
  An orc warrior (D:10)
  2 orc priests (D:10)
  A shadow imp (D:11)
11 creatures vanquished.

Vanquished Creatures (others)
  A hydra (Swamp:4)
  A ghost crab (Swamp:3)
  6 death yaks (Lair:4)
  A black mamba (Lair:6)
  2 komodo dragons (Lair:6)
  A polar bear (Orc:2)
  2 wyverns (Lair:6)
  4 yaks
  A steam dragon (Lair:6)
  An acid dragon (D:12)
  A wolf (Orc:2)
  2 killer bees (D:9)
  An orc wizard (Orc:2)
  A leopard gecko (D:9)
  2 orcs (Orc:1)
  2 fungi (Lair:4)
  4 plants
33 creatures vanquished.

Grand Total: 951 creatures vanquished

Notes
Turn   | Place    | Note
-------+----------+-------------------------------------------
     0 | D:1      | Armakuni the Human Monk began the quest for the Orb.
     0 | D:1      | Reached XP level 1. HP: 18/18 MP: 1/1
    58 | D:1      | Reached XP level 2. HP: 22/24 MP: 2/2
   158 | D:1      | Reached XP level 3. HP: 20/30 MP: 3/3
   796 | D:2      | Reached XP level 4. HP: 33/38 MP: 4/4
   915 | D:2      | Reached skill level 1 in Long Blades
   915 | D:2      | Reached skill level 1 in Shields
  1137 | D:2      | Noticed Terence
  1152 | D:2      | Killed Terence
  1218 | D:2      | Found a sparkling altar of Nemelex Xobeh.
  1229 | D:2      | Reached XP level 5. HP: 20/43 MP: 5/5
  1627 | D:3      | Found a shadowy altar of Dithmenos.
  1843 | D:3      | Found a sacrificial altar of Ru.
  2046 | D:4      | Reached XP level 6. HP: 28/49 MP: 6/6
  2052 | D:4      | Noticed Edmund
  2257 | D:4      | Killed Edmund
  2437 | D:4      | Noticed Menkaure
  2445 | D:4      | Reached XP level 7. HP: 39/55 MP: 7/7
  2463 | D:4      | Killed Menkaure
  2810 | D:4      | Found a blossoming altar of Fedhas.
  3206 | D:5      | Entered Level 5 of the Dungeon
  3403 | D:5      | Reached skill level 5 in Short Blades
  3555 | D:5      | Reached XP level 8. HP: 44/61 MP: 8/8
  3871 | D:5      | Found a basalt altar of Yredelemnul.
  4656 | D:6      | Found Qaaczyi's Distillery.
  4661 | D:6      | Bought a potion of brilliance for 44 gold pieces
  4661 | D:6      | Bought a potion of stabbing for 44 gold pieces
  4661 | D:6      | Bought a potion of resistance for 110 gold pieces
  4661 | D:6      | Bought a potion of might for 44 gold pieces
  4750 | D:6      | Reached skill level 1 in Armour
  4891 | D:6      | Reached XP level 9. HP: 42/67 MP: 9/9
  5188 | D:6      | Found a runed translucent door.
  5189 | D:6      | Noticed Crazy Yiuf
  5204 | D:6      | Killed Crazy Yiuf
  5312 | D:6      | Found an opulent altar of Gozag.
  5363 | D:7      | Found a staircase to the Ecumenical Temple.
  5380 | D:6      | Reached skill level 5 in Long Blades
  5424 | Temple   | Entered the Ecumenical Temple
  5538 | Temple   | Became a worshipper of Elyvilon the Healer
  5538 | Temple   | Reached * piety under Elyvilon
  5538 | Temple   | Reached ** piety under Elyvilon
  5847 | D:7      | Found a glowing silver altar of Zin.
  6090 | D:7      | Identified the +9 hand axe of Perfectionism {freeze,
                  | *Contam rElec Int+8} (You found it on level 7 of the
                  | Dungeon)
  6130 | D:7      | Reached skill level 1 in Invocations
  6467 | D:8      | Reached *** piety under Elyvilon
  6744 | D:8      | Noticed a two-headed ogre
  6817 | D:6      | Bought a potion of might for 44 gold pieces
  7111 | D:8      | Found a runed translucent door.
  7111 | D:8      | Noticed liluieth's ghost (novice TrMo)
  7200 | D:8      | Killed liluieth's ghost
  7200 | D:8      | Reached skill level 5 in Invocations
  7200 | D:8      | Reached XP level 10. HP: 53/73 MP: 10/14
  7408 | D:8      | Found a shimmering blue altar of Sif Muna.
  7581 | D:9      | Found Byhadwoi's Jewellery Boutique.
  7711 | D:9      | Found a stormy altar of Qazlal.
  7799 | D:9      | HP: 3/73 [orc priest/divine providence (13)]
  8127 | D:9      | Found Ibuv's Antique Armour Shoppe.
  8201 | D:9      | Reached XP level 11. HP: 57/78 MP: 14/17
  8265 | D:9      | Found Asiqaosm's Distillery.
  8282 | D:9      | Found a radiant altar of Vehumet.
  8282 | D:9      | Found a hazy altar of Hepliaklqana.
  8285 | D:9      | Found a burning altar of Makhleb.
  8287 | D:9      | Found an ancient bone altar of Kikubaaqudgha.
  8434 | D:9      | Reached skill level 10 in Long Blades
  8574 | D:10     | Entered Level 10 of the Dungeon
  8584 | D:10     | Noticed a two-headed ogre
  8591 | D:10     | HP: 1/78 [orc priest/divine providence (16)]
  8593 | D:10     | Killed a two-headed ogre
  8605 | D:10     | Noticed a two-headed ogre
  8624 | D:9      | Killed a two-headed ogre
  8666 | D:10     | Noticed a deep elf mage
  8682 | D:10     | Paralysed by a deep elf mage for 2 turns
  9180 | D:10     | Identified the +2 mace "Maxezea" {vamp, rC+ Int+2 Dex+2}
                  | (You found it on level 10 of the Dungeon)
  9260 | D:10     | Noticed a two-headed ogre
  9287 | D:10     | Killed a two-headed ogre
  9287 | D:10     | Reached skill level 10 in Invocations
  9443 | D:10     | Paralysed by a deep elf mage for 5 turns
  9460 | D:10     | Pacified a deep elf mage
  9460 | D:10     | Reached skill level 5 in Fighting
  9774 | D:10     | Found Utishinu's Distillery.
 10056 | D:11     | Noticed Nergalle
 10239 | D:11     | Noticed a cyan ugly thing
 10247 | D:11     | Pacified a cyan ugly thing
 10247 | D:11     | Reached XP level 12. HP: 86/86 MP: 16/19
 10340 | D:11     | Noticed a five-headed hydra
 10351 | D:11     | Killed a one-headed hydra
 10405 | D:11     | Killed Nergalle
 10405 | D:11     | Reached skill level 5 in Dodging
 10504 | D:11     | You fall into a shaft and drop 2 floors!
 10538 | D:13     | Got a transparent trident
 10860 | D:12     | Noticed Nessos
 10917 | D:12     | Killed Nessos
 11000 | D:12     | Reached skill level 5 in Armour
 11022 | D:11     | Found a staircase to the Lair.
 11155 | D:11     | Noticed Erica
 11174 | D:11     | Killed Erica
 11524 | D:9      | Bought a translucent helmet for 247 gold pieces
 11529 | D:9      | Identified the +1 helmet of Insurance {Str-5 Dex+8} (You
                  | bought it in a shop on level 9 of the Dungeon)
 11625 | D:12     | Killed an unseen horror
 12032 | D:12     | Found a staircase to the Orcish Mines.
 12349 | D:12     | Reached XP level 13. HP: 78/98 MP: 20/20
 12447 | D:12     | Got a twitching lead ring
 12449 | D:12     | Identified the ring of Joy {Str+3 Stlth+} (You found it on
                  | level 12 of the Dungeon)
 13369 | Orc:1    | Entered Level 1 of the Orcish Mines
 13377 | Orc:1    | Noticed Jorgrun
 13457 | Orc:1    | Found a roughly hewn altar of Beogh.
 13845 | Lair:1   | Entered Level 1 of the Lair of Beasts
 14069 | Lair:1   | Noticed a five-headed hydra
 14079 | Lair:1   | Killed a one-headed hydra
 14849 | D:9      | Bought a pair of brightly glowing boots for 247 gold pieces
 14854 | D:9      | Identified the +2 pair of boots of Ecayteunn {*Contam rCorr
                  | Int+3 Dex+4} (You bought it in a shop on level 9 of the
                  | Dungeon)
 14970 | Lair:2   | Noticed a four-headed hydra
 14972 | Lair:2   | Reached **** piety under Elyvilon
 14976 | Lair:2   | Killed a one-headed hydra
 15007 | Lair:2   | Got a wavering steel amulet
 15009 | Lair:2   | Identified the amulet "Dafrad" {Harm *Drain rPois Dex+2}
                  | (You found it on level 2 of the Lair of Beasts)
 15119 | Lair:2   | Learned a level 1 spell: Apportation
 16151 | Lair:3   | Reached ***** piety under Elyvilon
 16334 | Lair:4   | Reached skill level 10 in Fighting
 16353 | Lair:4   | Reached XP level 14. HP: 89/110 MP: 8/21
 16573 | Lair:4   | Found a hole to the Spider Nest.
 16620 | Lair:4   | Found a staircase to the Swamp.
 16767 | Lair:4   | Found an opulent altar of Gozag.
 17038 | Lair:5   | Noticed Urug
 17059 | Lair:5   | Killed Urug
 17273 | Lair:5   | Found a viscous altar of Jiyva.
 17274 | Lair:5   | Found a staircase to the Slime Pits.
 17808 | Lair:6   | Entered Level 6 of the Lair of Beasts
 18166 | Lair:6   | Noticed Sonja
 18172 | Lair:6   | Killed Sonja
 18330 | Lair:6   | Reached skill level 1 in Throwing
 18402 | Lair:6   | Reached skill level 15 in Long Blades
 18868 | Lair:6   | Found a large runed translucent door.
 18869 | Lair:6   | Found a large runed translucent door.
 19184 | Orc:1    | Killed Jorgrun
 19184 | Orc:1    | Reached XP level 15. HP: 114/115 MP: 22/22
 19352 | Orc:2    | Entered Level 2 of the Orcish Mines
 19352 | Orc:2    | Found a staircase to the Elven Halls.
 19352 | Orc:2    | Noticed an orc warlord
 19367 | Orc:1    | Killed an orc warlord
 19367 | Orc:1    | Reached skill level 5 in Throwing
 19399 | Orc:2    | Noticed an orc warlord
 19845 | D:10     | Bought a potion of experience for 550 gold pieces
 19845 | D:10     | Reached XP level 16. HP: 122/122 MP: 22/24
 20021 | Orc:2    | Found a frozen archway.
 20081 | IceCv    | Entered an ice cave
 20458 | IceCv    | Found an ancient bone altar of Kikubaaqudgha.
 21122 | Orc:2    | Found a roughly hewn altar of Beogh.
 21289 | Orc:2    | Paralysed by an orc sorcerer for 6 turns
 21535 | Orc:2    | Found a transporter.
 21535 | Orc:2    | Noticed bmpenner's ghost (journeyman MfTm)
 21581 | Orc:2    | Found a transporter.
 21617 | Orc:1    | Noticed Fannar
 21636 | Orc:2    | Killed Fannar
 21636 | Orc:2    | Reached skill level 2 in Ice Magic
 21834 | Orc:2    | Reached skill level 3 in Ice Magic
 21885 | Orc:2    | Reached skill level 4 in Ice Magic
 21952 | Orc:2    | Reached skill level 5 in Ice Magic
 21959 | Orc:2    | Paralysed by an orc sorcerer for 6 turns
 21965 | Orc:2    | HP: 6/122 [red devil/+2 demon trident of pain[an orc
                  | sorcerer] (2)]
 21966 | Orc:2    | Found Kipsahus's Antique Armour Emporium.
 21966 | Orc:2    | Found Wedeche's Jewellery Shop.
 21966 | Orc:2    | Found Xesed's Book Emporium.
 21966 | Orc:2    | Found Icois's Food Shop.
 21970 | Orc:2    | HP: 5/122 [orc high priest/divine providence (12)]
 21975 | Orc:2    | HP: 6/122 [red devil/+2 demon trident of pain[an orc
                  | sorcerer] (1)]
 22182 | Orc:2    | Reached skill level 6 in Ice Magic
 22245 | Orc:2    | Bought a glowing helmet for 240 gold pieces
 22322 | Orc:2    | Killed bmpenner's ghost
 22322 | Orc:2    | Reached skill level 7 in Ice Magic
 22456 | Spider:1 | Entered Level 1 of the Spider Nest
 22468 | Lair:4   | Reached skill level 8 in Ice Magic
 22499 | Swamp:1  | Entered Level 1 of the Swamp
 22852 | Swamp:1  | Reached skill level 9 in Ice Magic
 23124 | Swamp:1  | Reached skill level 10 in Ice Magic
 23571 | Swamp:1  | Reached skill level 11 in Ice Magic
 23670 | Swamp:1  | Reached XP level 17. HP: 109/128 MP: 25/25
 23786 | Swamp:2  | Reached skill level 12 in Ice Magic
 24099 | Swamp:2  | Reached skill level 13 in Ice Magic
 24692 | Swamp:3  | Reached skill level 14 in Ice Magic
 25132 | Swamp:3  | Reached skill level 15 in Ice Magic
 25506 | Swamp:4  | Entered Level 4 of the Swamp
 25685 | Swamp:4  | Reached skill level 16 in Ice Magic
 25911 | Swamp:4  | Learned a level 6 spell: Ozocubu's Refrigeration
 25917 | Swamp:4  | Learned a level 5 spell: Metabolic Englaciation
 25922 | Swamp:4  | Learned a level 4 spell: Summon Ice Beast
 25952 | Swamp:4  | Reached skill level 10 in Armour
 25965 | Swamp:4  | Noticed a thorn hunter
 25984 | Swamp:4  | Elyvilon protects you from harm!
 25985 | Swamp:4  | Killed a thorn hunter
 26692 | Swamp:4  | Reached XP level 18. HP: 118/134 MP: 24/26
 26794 | Swamp:4  | Got a decaying rune of Zot
 26991 | Spider:1 | Reached skill level 10 in Dodging
 27020 | Spider:1 | Reached skill level 1 in Spellcasting
 27143 | Spider:1 | Identified Roxanne's Compendium of Transformation
 27143 | Spider:1 | Noticed Roxanne
 27448 | Spider:1 | You fall into a shaft and drop 1 floor!
 27632 | Spider:2 | Reached skill level 5 in Spellcasting
 27781 | Spider:2 | Noticed Arachne
 27815 | Spider:2 | Killed Arachne
 27911 | Spider:2 | Identified the +9 dagger of Xuitt {freeze, rPois rF+
                  | Stlth+} (You found it on level 2 of the Spider Nest)
 27997 | Spider:2 | HP: 2/134 [something (6)]
 27998 | Spider:2 | Succumbed to a ghost moth's poison

Levels and vault maps discovered:
D:1:      dpeg_arrival_simpleton_c, layout_rooms
D:2:      layout_loops_ring, nemelex_dance_club_becter, uniq_terence
D:3:      layout_rooms, lemuel_round_altar, supply_closet_lemuel,
          nicolae_ru_the_path_less_chosen
D:4:      layout_loops_ring, lemuel_round_altar, first_ration, uniq_menkaure,
          uniq_edmund
D:5:      cheibrodos_iron_armory, layout_cave_pools,
          yredelemnul_forgotten_temple_becter
D:6:      layout_loops_corners, grunt_gozag_breadcrumbs, serial_shops,
          kennysheep_little_box, uniq_crazy_yiuf_cottage
D:7:      layout_basic, kennysheep_mini_moat, minmay_temple_entry_waves,
          enter_bailey_2
D:8:      layout_loops_corners, nicolae_overflow_crystal_walls,
          gammafunk_ghost_grave
D:9:      layout_long_grid, nicolae_qazlal_style_of_elements, kennysheep_mini,
          grunt_temple_overflow_open, serial_shops, nicolae_shop_stone, shop,
          shop
D:10:     layout_loops_ring, serial_shops, nicolae_shop_crystal,
          hangedman_fish_farm
D:11:     layout_long_grid, erik_lair_orcish_takeover, uniq_nergalle, uniq_erica
D:12:     layout_gridville, erik_orc_3, worms_lemuel, uniq_nessos
D:13:     layout_basic, grunt_decor_one_mirror
Temple:   minmay_temple_curvy_loop
Lair:1:   layout_regular_city
Lair:2:   layout_roguey
Lair:3:   layout_cave_shapes, serial_bayou_pond_a, kennysheep_abandoned_house,
          grunt_megastairs_3, lemuel_fruit_fields
Lair:4:   layout_roguey, swamp_mist_pool, spider_nest_entry_rubble, basic_altar,
          chequers_serial_rivers_micro_c, roderic_carrion_pond
Lair:5:   layout_cave_pods, slime_altar_1, infiniplex_staircase_pool_2,
          uniq_urug
Lair:6:   cheibrodos_lair_end_hotspot, layout_regular_city, uniq_sonja
Swamp:1:  layout_falls_marsh, hangedman_swamp_diagram
Swamp:2:  layout_basic_swamp, evilmike_swamp_ruin_rubble_1
Swamp:3:  layout_basic_swamp, serial_swamp_ruin, evilmike_swamp_ruin_house_3,
          evilmike_swamp_ruin_house_4, evilmike_swamp_ruin_house_1
Swamp:4:  swamp_basic_johnstein, layout_basic_swamp
Spider:1: layout_chambers, drop_trap, uniq_donald, uniq_roxanne
Spider:2: layout_chambers, uniq_arachne
Orc:1:    layout_caves, mines2_david, uniq_jorgrun, uniq_fannar
Orc:2:    grunt_orc_tribal_feast, layout_caves,
          portal_ice_cave_entry_animals_and_master, basic_altar,
          gammafunk_ghost_arena

Skill      XL: |  1  2  3  4  5  6  7  8  9 10 11 12 13 14 15 16 17 18 |
---------------+-------------------------------------------------------+-----
Fighting       | 4 5 7 10 | 10.0
Long Blades    | 1 3 4 8 9 11 12 13 15 | 15.7
Shields        | 1 3 4 |  4.0
Short Blades   | 5 7 |  7.5
Armour         | 1 3 6 9 10 | 10.0
Invocations    | 5 8 10 | 10.8
Dodging        | 4 5 6 7 9 10 | 10.0
Throwing       | 4 5 8 |  8.7
Ice Magic      | 11 16 | 16.9
Spellcasting   | 6 |  6.4
Stealth        | |  2.0

Action                   |  1- 3 |  4- 6 |  7- 9 | 10-12 | 13-15 | 16-18 || total
-------------------------+-------+-------+-------+-------+-------+-------++-------
Melee: Dagger            |   108 |   224 |   352 |    24 |       |       ||   708
       Short sword       |    20 |       |       |       |       |       ||    20
       Falchion          |       |       |    35 |       |       |       ||    35
       Scimitar          |       |       |   112 |   641 |   374 |   145 ||  1272
       Long sword        |       |       |       |     6 |       |       ||     6
       Double sword      |       |       |       |       |   367 |  1162 ||  1529
Throw: Dart              |       |     4 |       |       |     5 |    11 ||    20
       Boomerang         |       |       |    13 |     7 |     7 |    21 ||    48
       Javelin           |       |       |       |       |       |     8 ||     8
       Throwing net      |       |       |       |       |       |     1 ||     1
 Cast: Summon Ice Beast  |       |       |       |       |       |     4 ||     4
       Ozocubu's Refrige |       |       |       |       |       |     6 ||     6
Invok: Lesser Healing    |       |       |    14 |   129 |    80 |   216 ||   439
       Heal Other        |       |       |       |     9 |    27 |    14 ||    50
       Divine Protection |       |       |       |     1 |       |     1 ||     2
       Purification      |       |       |       |     1 |     3 |     2 ||     6
Evoke: Phial of floods   |       |       |       |     2 |     1 |     1 ||     4
       Sack of spiders   |       |       |       |     4 |       |       ||     4
       Wand              |       |       |       |       |    16 |    44 ||    60
       Phantom mirror    |       |       |       |       |       |     1 ||     1
  Use: Potion            |     1 |       |     9 |     7 |     5 |     5 ||    27
       Scroll            |     5 |     2 |    14 |     6 |    11 |     8 ||    46
 Stab: Sleeping          |       |       |     2 |     1 |     6 |     4 ||    13
       Distracted        |       |       |     1 |     1 |     1 |     2 ||     5
       Held in net/web   |       |       |       |     2 |       |       ||     2
       Invisible         |       |       |       |       |       |     9 ||     9
  Eat: Chunk             |       |     5 |    16 |    29 |    35 |    28 ||   113
       Ration            |       |       |     1 |     3 |     4 |    12 ||    20
Armor: Ring mail         |    48 |    54 |   103 |   129 |       |       ||   334
       Robe              |     4 |       |       |       |       |       ||     4
       Skin              |       |       |       |    23 |       |       ||    23
       Scale mail        |       |       |       |    56 |   188 |       ||   244
       Fire dragon scale |       |       |       |       |    46 |   482 ||   528
       Swamp dragon scal |       |       |       |       |       |   159 ||   159
Dodge: Dodged            |    87 |    80 |   197 |   261 |   399 |   892 ||  1916
Block: Buckler           |       |    29 |    97 |   169 |   213 |   436 ||   944
       Rpst.: Falchion   |       |       |     8 |       |       |       ||     8
       Scimitar          |       |       |    12 |    66 |    47 |    22 ||   147
       Double sword      |       |       |       |       |    45 |   168 ||   213

Table legend:
 A = Non-vault XP
 B = Vault XP
 C = Vault XP percentage of total XP
 D = Non-vault monster count
 E = Vault monster count
 F = Vault count percentage of total count
                 A         B        C        D         E       F
            +---------+---------+-------+---------+---------+-------
      Total |  132088 |   54608 |  29.2 |     718 |     203 |  22.0
            +---------+---------+-------+---------+---------+-------
        D:1 |      50 |       0 |   0.0 |      26 |       0 |   0.0
        D:2 |      48 |      46 |  48.9 |      12 |       3 |  20.0
        D:3 |     104 |       0 |   0.0 |      35 |       0 |   0.0
        D:4 |     189 |     347 |  64.7 |      12 |       2 |  14.3
        D:5 |     593 |       1 |   0.2 |      28 |       1 |   3.4
        D:6 |     831 |      41 |   4.7 |      28 |       1 |   3.4
        D:7 |     497 |       0 |   0.0 |      13 |       0 |   0.0
        D:8 |    2037 |     709 |  25.8 |      30 |       1 |   3.2
        D:9 |    3586 |       0 |   0.0 |      41 |       0 |   0.0
       D:10 |    4665 |     309 |   6.2 |      42 |       1 |   2.3
       D:11 |    3962 |    2312 |  36.9 |      25 |       9 |  26.5
       D:12 |    4480 |    1599 |  26.3 |      27 |      15 |  35.7
       D:13 |    2723 |       0 |   0.0 |      18 |       0 |   0.0
     Lair:1 |    2708 |       0 |   0.0 |      10 |       0 |   0.0
     Lair:2 |    3228 |       0 |   0.0 |      15 |       0 |   0.0
     Lair:3 |    3136 |     742 |  19.1 |      13 |      17 |  56.7
     Lair:4 |    4670 |    1420 |  23.3 |      22 |       8 |  26.7
     Lair:5 |    2210 |     663 |  23.1 |      12 |       1 |   7.7
     Lair:6 |   13658 |    4803 |  26.0 |      41 |      18 |  30.5
    Swamp:1 |   13792 |       0 |   0.0 |      34 |       0 |   0.0
    Swamp:2 |   10622 |       0 |   0.0 |      44 |       0 |   0.0
    Swamp:3 |   13396 |       0 |   0.0 |      33 |       0 |   0.0
    Swamp:4 |   12219 |   17963 |  59.5 |      31 |      27 |  46.6
   Spider:1 |    8218 |       0 |   0.0 |      26 |       0 |   0.0
   Spider:2 |   10776 |    3551 |  24.8 |      29 |       1 |   3.3
      Orc:1 |    4998 |    2859 |  36.4 |      35 |       7 |  16.7
      Orc:2 |    4692 |   11113 |  70.3 |      36 |      37 |  50.7
      IceCv |       0 |    6130 | 100.0 |       0 |      54 | 100.0
            +---------+---------+-------+---------+---------+-------
